MLB
PITTSBURGH PIRATES @ TORONTO BLUE JAYS
05/24/2042
 
TOP OF THE 1ST
Pittsburgh Pirates batting - Pitching for Toronto Blue Jays : RHP Jim Galloway
Pitching: RHP Jim Galloway
Batting: LHB José Velasco 0-0: Ball
1-0: Called Strike
1-1: Ball
2-1: Foul Ball, location: 7LDF
2-2: Ball
3-2: Strikes out swinging
Batting: LHB Raúl Gallegos 0-0: Ball
1-0: Called Strike
1-1: Fly out, F5 (Popup, 5F, EV 75.6 MPH)
Batting: LHB Del England 0-0: Called Strike
0-1: Foul Ball, location: 9LDF
0-2: Ball
1-2: Strikes out swinging
Top of the 1st over - 0 runs, 0 hits, 0 errors, 0 left on base; Pittsburgh 0 - Toronto 0
BOTTOM OF THE 1ST
Toronto Blue Jays batting - Pitching for Pittsburgh Pirates : RHP Mario Berrios
Pitching: RHP Mario Berrios
Batting: RHB Joe Lindsay 0-0: Fly out, F3 (Popup, 3SF, EV 78.1 MPH)
Batting: LHB Joe Mayes 0-0: Ball
1-0: Ground out U3 (Groundball, 34, EV 78.1 MPH)
Batting: LHB Brad Hart 0-0: Ball
1-0: Ball
2-0: Ball
3-0: Base on Balls
Batting: LHB José Trejo 0-0: Called Strike
0-1: Ball
1-1: Called Strike
1-2: Foul Ball, location: 2F
1-2: Ball
2-2: Fly out, F7 (Flyball, 7D, EV 103.8 MPH)
Bottom of the 1st over - 0 runs, 0 hits, 0 errors, 1 left on base; Pittsburgh 0 - Toronto 0
TOP OF THE 2ND
Pittsburgh Pirates batting - Pitching for Toronto Blue Jays : RHP Jim Galloway
Batting: LHB José Becerra 0-0: Called Strike
0-1: Swinging Strike
0-2: Ball
1-2: Strikes out swinging
Batting: RHB Ken Quebell 0-0: Ball
1-0: Called Strike
1-1: Swinging Strike
1-2: Ball
2-2: Ball
3-2: Fly out, F8 (Flyball, 8RM, EV 83.1 MPH)
Batting: LHB Juan Padilla 0-0: Ball
1-0: Ground out 5-3 (Groundball, 56S, EV 70.0 MPH)
Top of the 2nd over - 0 runs, 0 hits, 0 errors, 0 left on base; Pittsburgh 0 - Toronto 0
BOTTOM OF THE 2ND
Toronto Blue Jays batting - Pitching for Pittsburgh Pirates : RHP Mario Berrios
Batting: RHB Don Greene 0-0: Called Strike
0-1: Foul Ball, location: 2LF
0-2: Ball
1-2: Strikes out swinging
Batting: LHB Mike Lowe 0-0: Foul Ball, location: 2F
0-1: Foul Ball, location: 2RF
0-2: Ball
1-2: Strikes out swinging
Batting: RHB Juan Luna 0-0: Called Strike
0-1: Swinging Strike
0-2: Ball
1-2: Foul Ball, location: 9LMF
1-2: Foul Ball, location: 25F
1-2: Ball
2-2: Ball
3-2: Foul Ball, location: 9LMF
3-2: Base on Balls
Batting: LHB José Gonzáles 0-0: Ball
Juan Luna steals 2nd base
1-0: Ground out U3 (Groundball, 3, EV 103.8 MPH)
Bottom of the 2nd over - 0 runs, 0 hits, 0 errors, 1 left on base; Pittsburgh 0 - Toronto 0
TOP OF THE 3RD
Pittsburgh Pirates batting - Pitching for Toronto Blue Jays : RHP Jim Galloway
Batting: RHB Al Sexton 0-0: Ball
1-0: Ball
2-0: Ball
3-0: Base on Balls
Batting: LHB Ron Hanson 0-0: Ball
1-0: Ball
Al Sexton steals 2nd base
2-0: Foul Ball, location: 2F
2-1: Foul Ball, location: 2F
2-2: Ground out 3-1 (Groundball, 34, EV 102.5 MPH)
Al Sexton to third
Batting: RHB Jesús Rodríguez 0-0: Ball
1-0: Foul Ball, location: 9LSF
1-1: Ball
2-1: Ball
3-1: Fly out, F7 (Flyball, 78S, EV 96.9 MPH)
Batting: LHB José Velasco 0-0: Ground out 6-3 (Groundball, 6, EV 83.1 MPH)
Top of the 3rd over - 0 runs, 0 hits, 0 errors, 1 left on base; Pittsburgh 0 - Toronto 0
BOTTOM OF THE 3RD
Toronto Blue Jays batting - Pitching for Pittsburgh Pirates : RHP Mario Berrios
Batting: RHB Bob Powers 0-0: Ball
1-0: Swinging Strike
1-1: Ball
2-1: Ball
3-1: Base on Balls
Batting: RHB Joe Lindsay 0-0: Ball
1-0: Called Strike
1-1: Ball
2-1: Ball
3-1: Swinging Strike
3-2: Foul Ball, location: 9LMF
3-2: Strikes out swinging
Batting: LHB Joe Mayes 0-0: Ball
1-0: Swinging Strike
1-1: Ball
2-1: Called Strike
2-2: Foul Ball, location: 3FF
2-2: Ball
3-2: Base on Balls
Bob Powers to second
Batting: LHB Brad Hart 0-0: Called Strike
0-1: Foul Ball, location: 2F
0-2: Foul Ball, location: 2F
0-2: Ball
1-2: Ball
2-2: Grounds into double play, 3-6-3 (Groundball, 34, EV 106.3 MPH)
Bottom of the 3rd over - 0 runs, 0 hits, 0 errors, 1 left on base; Pittsburgh 0 - Toronto 0
TOP OF THE 4TH
Pittsburgh Pirates batting - Pitching for Toronto Blue Jays : RHP Jim Galloway
Batting: LHB Raúl Gallegos 0-0: Swinging Strike
0-1: Called Strike
0-2: Fly out, F4 (Popup, 4M, EV 60.0 MPH)
Batting: LHB Del England 0-0: Ball
1-0: Foul Ball, location: 2F
1-1: Foul Ball, location: 2F
1-2: Ball
2-2: DOUBLE (Line Drive, 7LS, EV 105.6 MPH)
Batting: LHB José Becerra 0-0: Called Strike
0-1: Called Strike
0-2: SINGLE (Flyball, 7S, EV 91.9 MPH)
Del England to third
Batting: RHB Ken Quebell 0-0: Fly out, F7 (Flyball, 78M, EV 85.6 MPH)
Runner from 3rd tags up, SCORES, throw by LF
Batting: LHB Juan Padilla 0-0: Called Strike
0-1: Called Strike
0-2: Ball
1-2: Ball
2-2: Strikes out swinging
Top of the 4th over - 1 run, 2 hits, 0 errors, 1 left on base; Pittsburgh 1 - Toronto 0
BOTTOM OF THE 4TH
Toronto Blue Jays batting - Pitching for Pittsburgh Pirates : RHP Mario Berrios
Batting: LHB José Trejo 0-0: Called Strike
0-1: Fly out, F7 (Flyball, 7, EV 91.3 MPH)
Batting: RHB Don Greene 0-0: Ball
1-0: Ball
2-0: DOUBLE (Line Drive, 9LD, EV 102.5 MPH)
Batting: LHB Mike Lowe 0-0: Ball
1-0: Ball
2-0: Ball
3-0: Called Strike
3-1: Ground out 4-3 (Groundball, 4MD, EV 98.8 MPH)
Don Greene to third
Batting: RHB Juan Luna 0-0: Called Strike
0-1: Ground out 6-3 (Groundball, 6, EV 88.1 MPH)
Bottom of the 4th over - 0 runs, 1 hit, 0 errors, 1 left on base; Pittsburgh 1 - Toronto 0
TOP OF THE 5TH
Pittsburgh Pirates batting - Pitching for Toronto Blue Jays : RHP Jim Galloway
Batting: RHB Al Sexton 0-0: Ball
1-0: Fly out, F8 (Flyball, 8LS, EV 89.4 MPH)
Batting: LHB Ron Hanson 0-0: Ball
1-0: SINGLE (Line Drive, 6D, EV 99.4 MPH)
Batting: RHB Jesús Rodríguez 0-0: Ball
Ron Hanson steals 2nd base
1-0: Ball
2-0: Called Strike
2-1: Ball
Wild Pitch!
Ron Hanson to third
3-1: Called Strike
3-2: Base on Balls
Batting: LHB José Velasco 0-0: Called Strike
0-1: Called Strike
0-2: SINGLE (Line Drive, 5D, EV 95.0 MPH)
Ron Hanson scores
Jesús Rodríguez to second
Batting: LHB Raúl Gallegos 0-0: Fly out, F5 (Popup, 5S, EV 80.6 MPH)
Batting: LHB Del England 0-0: Called Strike
0-1: Ball
1-1: Foul Ball, location: 2F
1-2: Ball
2-2: Foul Ball, location: 25F
2-2: Foul Ball, location: 23F
2-2: Foul Ball, location: 9LDF
2-2: 3-RUN HOME RUN (Flyball, 9D, EV 93.1 MPH), Distance : 369 ft
Pitching: RHP Mike Bean
Batting: LHB José Becerra 0-0: Ball
1-0: Ball
2-0: Foul Ball, location: 2F
2-1: Ball
3-1: Foul Ball, location: 7LSF
3-2: Base on Balls
Batting: RHB Ken Quebell 0-0: Fielders Choice at 2nd, 5-4 (Groundball, 56, EV 96.9 MPH)
Top of the 5th over - 4 runs, 3 hits, 0 errors, 1 left on base; Pittsburgh 5 - Toronto 0
BOTTOM OF THE 5TH
Toronto Blue Jays batting - Pitching for Pittsburgh Pirates : RHP Mario Berrios
Batting: LHB José Gonzáles 0-0: Ground out 1-3 (Groundball, 15S, EV 70.6 MPH)
Batting: RHB Bob Powers 0-0: Foul Ball, location: 2F
0-1: Foul Ball, location: 7LSF
0-2: Foul Ball, location: 23F
0-2: Ball
1-2: Ball
2-2: DOUBLE (Line Drive, 78XD, EV 105.0 MPH)
Batting: RHB Joe Lindsay 0-0: Ball
1-0: Foul Ball, location: 3F
1-1: Foul Ball, location: 2F
1-2: DOUBLE (Groundball, 5L, EV 104.4 MPH)
Bob Powers scores
Batting: LHB Joe Mayes 0-0: Ball
1-0: Foul Ball, location: 2LF
1-1: Ball
2-1: Ball
3-1: Swinging Strike
3-2: Fly out, F8 (Line Drive, 8LM, EV 98.1 MPH)
Batting: LHB Brad Hart 0-0: Ball
1-0: Ball
2-0: Called Strike
2-1: Called Strike
2-2: Ball
3-2: Foul Ball, location: 7LSF
3-2: Base on Balls
Batting: LHB José Trejo 0-0: SINGLE (Line Drive, 5D, EV 98.1 MPH)
Joe Lindsay to third
Brad Hart to second
Runner from 3rd tries for Home, SAFE, throw by LF to home
Batting: RHB Don Greene 0-0: Called Strike
0-1: Ball
1-1: Foul Ball, location: 2F
1-2: Ball
2-2: Foul Ball, location: 7LMF
2-2: Strikes out looking
Bottom of the 5th over - 2 runs, 3 hits, 0 errors, 2 left on base; Pittsburgh 5 - Toronto 2
TOP OF THE 6TH
Pittsburgh Pirates batting - Pitching for Toronto Blue Jays : RHP Mike Bean
Batting: LHB Juan Padilla 0-0: Called Strike
0-1: Ball
1-1: Swinging Strike
1-2: Ball
2-2: SINGLE (Line Drive, 6MD, EV 95.0 MPH)
Batting: RHB Al Sexton 0-0: Ball
1-0: Bunt - Flyout to 2L! F2
Batting: LHB Ron Hanson 0-0: Ball
1-0: Fly out, F8 (Flyball, 8LM, EV 94.4 MPH)
Batting: RHB Jesús Rodríguez 0-0: Foul Ball, location: 9LSF
0-1: Ball
1-1: Ball
2-1: Fly out, F3 (Popup, 3F, EV 75.0 MPH)
Top of the 6th over - 0 runs, 1 hit, 0 errors, 1 left on base; Pittsburgh 5 - Toronto 2
BOTTOM OF THE 6TH
Toronto Blue Jays batting - Pitching for Pittsburgh Pirates : RHP Mario Berrios
Batting: LHB Mike Lowe 0-0: Ground out 6-3 (Groundball, 6M, EV 87.5 MPH)
Batting: RHB Juan Luna 0-0: Called Strike
0-1: Foul Ball, location: 9LDF
0-2: Strikes out swinging
Batting: LHB José Gonzáles 0-0: Called Strike
0-1: Ball
1-1: Foul Ball, location: 9LDF
1-2: Foul Ball, location: 25FF
1-2: Foul Ball, location: 5FF
1-2: Foul Ball, location: 3F
1-2: Foul Ball, location: 5DF
1-2: Ground out 4-3 (Groundball, 4S, EV 73.1 MPH)
Bottom of the 6th over - 0 runs, 0 hits, 0 errors, 0 left on base; Pittsburgh 5 - Toronto 2
TOP OF THE 7TH
Pittsburgh Pirates batting - Pitching for Toronto Blue Jays : RHP Mike Bean
Batting: LHB José Velasco 0-0: Fly out, F4 (Popup, 4S, EV 81.9 MPH)
Batting: LHB Raúl Gallegos 0-0: Ball
1-0: Called Strike
1-1: Ball
2-1: Ground out 4-3 (Groundball, 4S, EV 84.4 MPH)
Batting: LHB Del England 0-0: Called Strike
0-1: Ball
1-1: Fly out, F4 (Line Drive, 4, EV 68.1 MPH)
Top of the 7th over - 0 runs, 0 hits, 0 errors, 0 left on base; Pittsburgh 5 - Toronto 2
BOTTOM OF THE 7TH
Toronto Blue Jays batting - Pitching for Pittsburgh Pirates : RHP Mario Berrios
Pitching: RHP Jorge López
Batting: RHB Bob Powers 0-0: Ground out 6-3 (Groundball, 6M, EV 86.9 MPH)
Batting: RHB Joe Lindsay 0-0: Foul Ball, location: 25F
0-1: Ball
1-1: Foul Ball, location: 25FF
1-2: Ground out 6-3 (Groundball, 6, EV 85.6 MPH)
Batting: LHB Joe Mayes 0-0: Swinging Strike
0-1: Ball
1-1: Ground out 5-3 (Groundball, 5, EV 96.3 MPH)
Bottom of the 7th over - 0 runs, 0 hits, 0 errors, 0 left on base; Pittsburgh 5 - Toronto 2
TOP OF THE 8TH
Pittsburgh Pirates batting - Pitching for Toronto Blue Jays : RHP Mike Bean
Batting: LHB José Becerra 0-0: Fly out, F7 (Flyball, 7D, EV 110.6 MPH)
Batting: RHB Ken Quebell 0-0: Swinging Strike
0-1: Ball
1-1: Ground out 5-3 (Groundball, 5L, EV 81.9 MPH)
Batting: LHB Juan Padilla 0-0: Fly out, F6 (Popup, 6M, EV 55.6 MPH)
Top of the 8th over - 0 runs, 0 hits, 0 errors, 0 left on base; Pittsburgh 5 - Toronto 2
BOTTOM OF THE 8TH
Toronto Blue Jays batting - Pitching for Pittsburgh Pirates : RHP Jorge López
Batting: LHB Brad Hart 0-0: Ball
1-0: Ground out 4-3 (Groundball, 4, EV 89.4 MPH)
Batting: LHB José Trejo 0-0: Swinging Strike
0-1: Swinging Strike
0-2: Strikes out swinging
Pinch Hitting: LHB Jimmy Trinidad 0-0: Ball
1-0: Ball
2-0: Swinging Strike
2-1: Foul Ball, location: 3F
2-2: Ball
3-2: Foul Ball, location: 23FF
3-2: Strikes out swinging
Bottom of the 8th over - 0 runs, 0 hits, 0 errors, 0 left on base; Pittsburgh 5 - Toronto 2
TOP OF THE 9TH
Pittsburgh Pirates batting - Pitching for Toronto Blue Jays : RHP Mike Bean
Pitching: RHP Kurt Huggins
Now at 3B: Albert García
Batting: RHB Al Sexton 0-0: Swinging Strike
0-1: Ball
1-1: Ball
2-1: Foul Ball, location: 2F
2-2: Strikes out swinging
Batting: LHB Ron Hanson 0-0: Ball
1-0: Called Strike
1-1: Swinging Strike
1-2: Ball
2-2: Ball
3-2: SINGLE (Line Drive, 78M, EV 100.6 MPH)
Batting: RHB Jesús Rodríguez 0-0: Ball
1-0: Called Strike
Ron Hanson is caught stealing 2nd base 2-4
1-1: Foul Ball, location: 25F
1-2: Ball
2-2: Strikes out swinging
Top of the 9th over - 0 runs, 1 hit, 0 errors, 0 left on base; Pittsburgh 5 - Toronto 2
BOTTOM OF THE 9TH
Toronto Blue Jays batting - Pitching for Pittsburgh Pirates : RHP Jorge López
Pitching: LHP Damian Wiley
Now in CF: Andre Vigil Jr.
Batting: LHB Mike Lowe 0-0: Ball
1-0: Ball
2-0: Called Strike
2-1: Called Strike
2-2: Fly out, F7 (Line Drive, 78S, EV 88.8 MPH)
Batting: RHB Juan Luna 0-0: Called Strike
0-1: Ball
1-1: Ball
2-1: Ground out U3 (Groundball, 3, EV 82.5 MPH)
Pinch Hitting: RHB Jeff Horton 0-0: Ball
1-0: Called Strike
1-1: Swinging Strike
1-2: Strikes out swinging
Bottom of the 9th over - 0 runs, 0 hits, 0 errors, 0 left on base; Pittsburgh 5 - Toronto 2
Friday, May 3rd , 2024 - OOTP Baseball 24.10 Build 82